 Dungeon Crawl Stone Soup version 0.29-a0-271-gd4eb659eea (webtiles) character file.

Game seed: 10148428867898785406

592 spaghetti the Fighter (level 7, -5/85 HPs)
             Began as an Ogre Chaos Knight on Mar 8, 2022.
             Was a Plaything of Xom.
             Slain by an iguana (7 damage)
             ... on level 5 of the Dungeon.
             The game lasted 00:07:10 (4537 turns).

spaghetti the Fighter (Ogre Chaos Knight)           Turns: 4537, Time: 00:07:12

Health: -5/85      AC:  9    Str: 19    XL:     7   Next: 39%
Magic:  7/7        EV:  9    Int: 13    God:    Xom [......]
Gold:   150        SH:  0    Dex:  6    Spells: 6/6 levels left

rFire   . . .      SeeInvis .   a - +0 demon trident {polearm}
rCold   . . .      Faith    .   (no shield)
rNeg    . . .      Spirit   .   i - +2 robe
rPois   .          Reflect  .   (helmet restricted)
rElec   .          Harm     .   (no cloak)
rCorr   +          Rampage  .   (gloves unavailable)
Will    .....      Clarity  +   (boots unavailable)
Stlth   +.........              (no amulet)
HPRegen 0.24/turn               h - ring of resist corrosion
MPRegen 0.10/turn               g - +4 ring of protection

@: no status effects
A: large, unfitting armour, tough skin 1, clarity, clumsy 1
a: Renounce Religion


You were on level 5 of the Dungeon.
You worshipped Xom.
You were a very special plaything of Xom.
You visited 1 branch of the dungeon, and saw 5 of its levels.

You collected 150 gold pieces.


Innate Abilities, Weirdness & Mutations

You are too large for most types of armour.
You have tough skin. (AC +1)
You possess an exceptional clarity of mind.
You are clumsy. (Dex -2)


   Skills:
 - Level 10.0 Fighting
 - Level 2.6 Maces & Flails
 + Level 3.0 Polearms
 - Level 2.1 Dodging


You had 6 spell levels left.
You didn't know any spells.
Your spell library contained the following spells:

 Spells                   Type           Power      Damage    Failure   Level
 Sting                    Tmut/Pois      0%         1d3       30%         1
 Poisonous Vapours        Pois/Air       0%         N/A       43%         2
 Olgreb's Toxic Radiance  Pois           0%         N/A       97%         4

Inventory:

Hand Weapons
 a - a +0 demon trident (weapon) {polearm}
   (You found it on level 3 of the Dungeon)
 b - a +2 hunting sling of flaming {sling}
   (You found it on level 2 of the Dungeon)
 o - a +0 mace of chaos {mace}
Missiles
 d - 6 poisoned darts {throwing}
 f - 75 stones {throwing}
Armour
 i - a +2 robe (worn)
Magical Staves
 m - a staff of cold {!astaff}
   (You found it on level 2 of the Dungeon)
Jewellery
 e - an amulet of reflection
   (You found it on level 2 of the Dungeon)
 g - a +4 ring of protection (right hand)
   (You found it on level 4 of the Dungeon)
 h - a ring of resist corrosion (left hand)
   (You found it on level 1 of the Dungeon)
 k - a ring of magical power
   (You took it off a kobold on level 2 of the Dungeon)
Wands
 j - a wand of charming (10)
   (You found it on level 2 of the Dungeon)
Scrolls
 n - a scroll of fog
Miscellaneous
 c - a piece from Xom's chessboard (15/15) (quivered)

Dungeon Overview and Level Annotations

Branches:
Dungeon (5/15)
 Temple: D:4-7

Altars:
Fedhas
Vehumet

Annotations:
D:3 3 runed translucent doors, Bediveer's ghost, amateur DgHu

#.#.......#..#
#)##.5.......#
#.###.o.####.
#.# #O..####
#.# ##.l..$#
#)# #..##..#
#.# ##.# ..#
#o# .# .. #@#
.. _ #l# .##
#O# .# #.# .#
#.. ###


You could see an ogre, an iguana and an orc (strong).


Message History

😨 HP[+1]
You barely miss something.
You hear some strange, mumbled words.
A puff of flame appears from out of thin air!
The puff of flame hits you.
* * * LOW HITPOINT WARNING * * *
😨 HP[-4]
You take 4 damage, and now have 33/85 hp.
Okay, then.
You completely miss something. Something hits you but does no damage.
The white imp gestures at you.
The puff of frost hits something!
Reactivating autopickup.
Xom thinks this is hilarious!
You swing at nothing. 😨 HP[+1]
You hit the white imp but do no damage.
The white imp hits you but does no damage.
You puncture the white imp!
The white imp hits you but does no damage. x2
You puncture the white imp!
You kill the white imp!
You closely miss the phantom.
The phantom hits you but does no damage. 😨 HP[+1]
You barely miss the phantom.
The iguana hisses menacingly.
The phantom hits you.
* * * LOW HITPOINT WARNING * * *
The phantom blinks!
You blink. 😨 HP[-5]
You take 5 damage, and now have 30/85 hp.
You closely miss the phantom. The phantom hits you!
* * * LOW HITPOINT WARNING * * *
The phantom blinks!
You blink. 😨 HP[-8]
You take 8 damage, and now have 22/85 hp.
You closely miss the phantom. The phantom barely misses you. 😨 HP[+1]
You puncture the phantom! The phantom hits you.
* * * LOW HITPOINT WARNING * * *
The phantom hits you but does no damage. 😨 HP[-1]
You take 1 damage, and now have 22/85 hp.
You are too injured to fight recklessly!
You aren't carrying any potions.
You aren't carrying any potions.
Unknown command.
Okay, then.
You puncture the phantom! The phantom hits you.
* * * LOW HITPOINT WARNING * * *
The phantom blinks!
You blink. 😱 HP[-1]
You take 1 damage, and now have 21/85 hp.
You hit the phantom but do no damage. The phantom closely misses you.
You barely miss the phantom.
The phantom hits you but does no damage. 😨 HP[+1]
You closely miss the phantom. The phantom barely misses you.
You closely miss the phantom.
The phantom hits you but does no damage. x2
You puncture the phantom!
You destroy the phantom! "Over there now!"
The iguana blinks!
The ogre blinks!
The iguana barely misses you.
Your Polearms skill increases to level 3! 😨 HP[+1]
You hit the orc but do no damage. The iguana barely misses you.
The orc hits you with a +0 flail.
* * * LOW HITPOINT WARNING * * *
😱 HP[-5]
You take 5 damage, and now have 18/85 hp.
You hit the orc. The orc hits you with a +0 flail!
* * * LOW HITPOINT WARNING * * *
The iguana bites you.
* * * LOW HITPOINT WARNING * * *
😱 HP[-9]
You take 9 damage, and now have 9/85 hp.
You closely miss the orc. The iguana bites you.
* * * LOW HITPOINT WARNING * * *
The orc hits you with a +0 flail!
* * * LOW HITPOINT WARNING * * *
Xom roars with laughter! 😱 HP[-8]
You take 8 damage, and now have 1/85 hp.
Unknown command.
Okay, then.
You aren't carrying any potions.
You closely miss the orc. The orc completely misses you.
The iguana misses you. 😱 HP[+1]
Okay, then.
You hit the orc but do no damage.
Xom's power touches on a nearby monster.
The orc seems to grow stronger.
The orc closely misses you. The iguana bites you!
You die...
Xom guffaws!

Skill      XL: |  1  2  3  4  5  6  7 |
---------------+----------------------+-----
Fighting       | 5 6 7 9 10 | 10.0
Polearms       | 1 3 |  3.0
Maces & Flails | |  2.6
Dodging        | |  2.1

Action                   |  1- 3 |  4- 6 |  7- 9 || total
-------------------------+-------+-------+-------++-------
Melee: Mace              |    92 |   150 |       ||   242
       Punch             |     2 |     1 |       ||     3
       Demon trident     |       |     8 |    25 ||    33
 Fire: Hunting sling     |    15 |    20 |       ||    35
  Use: Scroll            |     3 |     1 |       ||     4
       Potion            |       |     4 |       ||     4
Armor: Robe              |    57 |   148 |    16 ||   221
Dodge: Dodged            |    43 |   133 |    15 ||   191

Levels and vault maps discovered:
D:1:      scummos_arrival_hexagon, layout_basic, ebering_ecumenical_altar_webs,
          minmay_heptomino_o4
D:2:      layout_basic, basic_altar
D:3:      layout_loops_ring, gammafunk_ghost_nasty_kobolds,
          lightli_sewer_entry_pipes, lightli_corner_chamber, uniq_jessica,
          uniq_terence, uniq_sigmund
D:4:      layout_loops_ring, temple_doors_e
D:5:      layout_loops_ring, mainiacjoe_overflow_chevrons, minmay_ruined_shrine

Notes
Turn   | Place    | Note
-------+----------+-------------------------------------------
     0 | D:1      | spaghetti the Ogre Chaos Knight began the quest for the
                  | Orb.
     0 | D:1      | Reached XP level 1. HP: 24/24 MP: 1/1
     0 | D:1      | magus.rc [v1.9.6]
    80 | D:1      | Reached XP level 2. HP: 33/33 MP: 2/2
   243 | D:1      | Reached skill level 5 in Fighting
   412 | D:1      | You add the spells Sting, Poisonous Vapours and Olgreb's
                  | Toxic Radiance to your library.
   413 | D:1      | Found a faded altar of an unknown god.
   526 | D:1      | Reached XP level 3. HP: 39/42 MP: 3/3
   718 | D:1      | XOM: give mutations
   718 | D:1      | Gained mutation: You are frail. (-10% HP) [Xom's mischief]
   718 | D:1      | Gained mutation: You are dopey. (Int -2) [Xom's mischief]
   945 | D:2      | XOM: summons 2 hostile demons
   960 | D:1      | XOM: silly message
  1016 | D:2      | XOM: divination: detect items
  1233 | D:2      | Found a radiant altar of Vehumet.
  1260 | D:2      | Reached skill level 6 in Fighting
  1379 | D:2      | You fall into a shaft and drop 2 floors!
  1412 | D:5      | Entered Level 5 of the Dungeon
  1418 | D:5      | Reached XP level 4. HP: 43/47 MP: 4/4
  1534 | D:4      | XOM: god gift: club {god gift}
  1617 | D:3      | Noticed Sigmund
  1751 | D:2      | XOM: summons 3 hostile demons
  1786 | D:2      | HP: 10/47 [ufetubus[Xom] (2)]
  1793 | D:2      | HP: 7/47 [ufetubus[Xom] (3)]
  1794 | D:2      | HP: 2/47 [ufetubus[Xom] (3)]
  1874 | D:2      | XOM: silly message
  2125 | D:2      | XOM: potion effect (heal wounds)
  2171 | D:2      | XOM: divination: magic mapping
  2429 | D:2      | Reached skill level 7 in Fighting
  2784 | D:3      | Noticed Terence
  2785 | D:3      | XOM: confuse monster(s)
  2790 | D:3      | Killed Terence
  2791 | D:3      | Reached XP level 5. HP: 47/55 MP: 5/5
  2840 | D:3      | Found a runed translucent gate.
  2841 | D:3      | Found a runed translucent gate.
  2842 | D:3      | Found a runed translucent gate.
  2844 | D:3      | Noticed Bediveer's ghost (amateur DgHu)
  2844 | D:3      | Noticed a kobold brigand
  2901 | D:3      | XOM: silly message
  2902 | D:3      | Lost mutation: You are dopey. (Int -2) [potion of mutation]
  2902 | D:3      | Lost mutation: You are frail. (-10% HP) [potion of
                  | mutation]
  2902 | D:3      | Gained mutation: You have large cloven feet. [potion of
                  | mutation]
  2902 | D:3      | Gained mutation: You possess an exceptional clarity of
                  | mind. [potion of mutation]
  2912 | D:3      | Killed Sigmund
  2913 | D:3      | Reached skill level 9 in Fighting
  2913 | D:3      | Reached XP level 6. HP: 20/75 MP: 6/6
  2922 | D:3      | Lost mutation: You have large cloven feet. [potion of
                  | mutation]
  2922 | D:3      | Lost mutation: You possess an exceptional clarity of mind.
                  | [potion of mutation]
  2922 | D:3      | Gained mutation: You possess an exceptional clarity of
                  | mind. [potion of mutation]
  2922 | D:3      | Gained mutation: You are weak. (Str -2) [potion of
                  | mutation]
  3312 | D:3      | XOM: god gift: brown potion {god gift}
  3418 | D:3      | XOM: enchant monster (good)
  3723 | D:3      | XOM: noise
  3737 | D:3      | Noticed Jessica
  3746 | D:3      | Killed Jessica
  3773 | D:3      | XOM: cloud trail
  3991 | D:3      | XOM: give mutations
  3991 | D:3      | Lost mutation: You are weak. (Str -2) [Xom's mischief]
  3991 | D:3      | Gained mutation: You are clumsy. (Dex -2) [Xom's mischief]
  4187 | D:4      | HP: 10/78 [something (20)]
  4235 | D:4      | XOM: divination: detect creatures
  4491 | D:5      | Found a blossoming altar of Fedhas.
  4502 | D:5      | Reached skill level 10 in Fighting
  4502 | D:5      | Reached skill level 1 in Polearms
  4502 | D:5      | Reached XP level 7. HP: 59/85 MP: 7/7
  4514 | D:5      | Reached skill level 2 in Polearms
  4527 | D:5      | HP: 21/85 [phantom (1)]
  4532 | D:5      | XOM: blink monster(s)
  4533 | D:5      | Reached skill level 3 in Polearms
  4533 | D:5      | HP: 18/85 [orc/+0 flail (5)]
  4535 | D:5      | HP: 8/85 [iguana (1)]
  4535 | D:5      | HP: 1/85 [orc/+0 flail (7)]
  4537 | D:5      | XOM: enchant monster (bad)
  4537 | D:5      | Slain by an iguana

Vanquished Creatures
  Sigmund (D:3)
  2 phantoms (D:5)
  A jelly (D:5)
  A hound (D:5)
  Jessica (D:3)
  Terence (D:3)
  A river rat (D:3)
  9 adders
  A white imp (D:5)
  3 worms (D:3)
  2 dart slugs
  2 orcs
  10 ball pythons
  6 bats
  8 endoplasms
  2 giant cockroaches
  6 hobgoblins
  5 kobolds
  A quokka (D:1)
  4 frilled lizards
  7 goblins
  5 rats
79 creatures vanquished.

Vanquished Creatures (others)
  An orc wizard (D:5)
1 creature vanquished.

Grand Total: 80 creatures vanquished

Table legend:
 A = Non-vault XP
 B = Vault XP
 C = Vault XP percentage of total XP
 D = Non-vault monster count
 E = Vault monster count
 F = Vault count percentage of total count
                 A         B        C        D         E       F
            +---------+---------+-------+---------+---------+-------
      Total |     216 |     630 |  74.5 |      60 |      19 |  24.1
            +---------+---------+-------+---------+---------+-------
        D:1 |      37 |       7 |  15.9 |      22 |       4 |  15.4
        D:2 |      38 |       0 |   0.0 |       9 |       0 |   0.0
        D:3 |      87 |     365 |  80.8 |      22 |      11 |  33.3
        D:4 |      11 |       0 |   0.0 |       6 |       0 |   0.0
        D:5 |      43 |     258 |  85.7 |       1 |       4 |  80.0
            +---------+---------+-------+---------+---------+-------

Illustrated notes

Table legend:
 A = Kills in this place as a percentage of kills in entire the game.
 B = Kills by you in this place as a percentage of kills by you in the entire game.
 C = Kills by friends in this place as a percentage of kills by friends in the entire game.
 D = Other kills in this place as a percentage of other kills in the entire game.
 E = Experience gained in this place as a percentage of experience gained in the entire game.
 F = Experience gained in this place divided by the number of levels of this place that you have seen.
                   A       B       C       D       E      F
               +-------+-------+-------+-------+-------+----------------------
         Total | 100.0 | 100.0 |   N/A |   N/A | 100.0 | 169.2
       Dungeon | 100.0 | 100.0 |   N/A |   N/A | 100.0 | 169.2
               +-------+-------+-------+-------+-------+----------------------

Table legend: (Time is in decaauts)
 A = Elapsed time spent in this place.
 B = Non-inter-level travel time spent in this place.
 C = Inter-level travel time spent in this place.
 D = Time resting spent in this place.
 E = Time spent auto-exploring this place.
 F = Levels seen in this place.
 G = Mean time per level.
                   A        B        C        D        E       F      G
               +--------+--------+--------+--------+--------+-----+--------+
         Total |   4659 |   4422 |    237 |    457 |   3183 |   5 |  931.8 |
       Dungeon |   4659 |   4422 |    237 |    457 |   3183 |   5 |  931.8 |
               +--------+--------+--------+--------+--------+-----+--------+

Top non-repeatable levels by time:
     D:3: 1602 daAuts
     D:2: 1437 daAuts
     D:1: 1000 daAuts
     D:5: 313 daAuts
     D:4: 305 daAuts
